 Dungeon Crawl Stone Soup version 0.29.1-13-g9f3cf754e1 (webtiles) character file.

Game seed: 1327771650357548802

131 tizbic2 the Trooper (level 5, -2/53 HPs)
             Began as an Ogre Arcane Marksman on Feb 7, 2023.
             Was a Follower of Dithmenos.
             Slain by an orc
             ... wielding a +0 hand axe
              (3 damage)
             ... on level 3 of the Dungeon.
             The game lasted 00:12:57 (3268 turns).

tizbic2 the Trooper (Ogre Arcane Marksman)          Turns: 3268, Time: 00:12:58

Health: -2/53      AC:  3    Str: 20    XL:     5   Next: 14%
Magic:  9/9        EV: 10    Int: 20    God:    Dithmenos [*.....]
Gold:   154        SH:  0    Dex: 11    Spells: 8/9 levels left

rFire   . . .      SeeInvis .   e - +3 short sword (vamp)
rCold   . . .      Faith    .   (no shield)
rNeg    . . .      Spirit   .   c - +0 robe
rPois   .          Reflect  .   d - +0 hat
rElec   .          Harm     .   (no cloak)
rCorr   .          Rampage  .   (gloves unavailable)
Will    .....                   (boots unavailable)
Stlth   +.........              (no amulet)
HPRegen 0.17/turn               l - +6 ring of intelligence
MPRegen 0.11/turn               m - +6 ring of strength

@: wreathed by umbra
A: large, unfitting armour, tough skin 1
a: Renounce Religion


You were on level 3 of the Dungeon.
You worshipped Dithmenos.
Dithmenos was aware of your devotion.
You visited 1 branch of the dungeon, and saw 4 of its levels.

You collected 154 gold pieces.

Inventory:

Hand Weapons
 a - a +2 sling of flaming
 e - a +3 vampiric short sword (weapon)
 v - a +0 great sword
Missiles
 j - 2 boomerangs of dispersal
Armour
 c - a +0 robe (worn)
 d - a +0 hat (worn)
Jewellery
 l - a +6 ring of intelligence (left hand)
 m - a +6 ring of strength (right hand)
Scrolls
 b - a scroll of poison
 f - a scroll of immolation
 n - 2 scrolls of fear {unknown}
 p - a scroll of butterflies {unknown}
 q - 2 scrolls of teleportation {unknown}
 s - a scroll of identify
 t - a scroll of vulnerability {unknown}
Potions
 g - a potion of mutation {unknown}
 h - 2 potions of flight
 i - a potion of brilliance
 k - 2 potions of invisibility
 o - a potion of magic {unknown}
 r - a potion of heal wounds {unknown}
 u - a potion of resistance {unknown}


   Skills:
 + Level 3.3 Fighting
 * Level 2.9 Ranged Weapons
 - Level 1.7 Dodging
 + Level 2.7 Spellcasting
 - Level 2.6 Hexes


You had 8 spell levels left.
You knew the following spells:

 Your Spells              Type           Power      Damage    Failure   Level
a - Slow                  Hex            52%        N/A       4%          1

Your spell library contained the following spells:

 Spells                   Type           Power      Damage    Failure   Level
 Inner Flame              Hex/Fire       8%         N/A       26%         3
 Portal Projectile        Hex/Tloc       16%        N/A       26%         3
 Conjure Flame            Conj/Fire      2%         6-21      41%         3
 Ignite Poison            Fire/Tmut/Pois 2%         N/A       41%         3
 Cause Fear               Hex            6%         N/A       43%         4
 Sticky Flame             Conj/Fire      2%         2d3       82%         4


Dungeon Overview and Level Annotations

Branches:
Dungeon (4/15)
 Temple: D:4-7

Altars:
Cheibriados
Dithmenos
Hepliaklqana
Ru


Innate Abilities, Weirdness & Mutations

You are too large for most types of armour.
You have tough skin. (AC +1)


Message History

The orc barely misses you. The orc hits you with a +0 hand axe.
You barely miss the orc.
The orc is heavily wounded.
The orc hits you with a +0 mace. The orc hits you with a +0 hand axe.
The orc misses you. The orc hits you with a +0 hand axe.
You hit the orc but do no damage.
The orc is heavily wounded.
The orc hits you with a +0 mace. The orc hits you with a +0 hand axe.
You barely miss the orc.
The orc is heavily wounded.
The orc closely misses you. The orc hits you with a +0 hand axe.
You hit the orc.
You feel better.
The orc is severely wounded.
The orc closely misses you. The orc hits you with a +0 hand axe.
You hit the orc but do no damage.
The orc is severely wounded.
The orc closely misses you. The orc hits you with a +0 hand axe.
You barely miss the orc.
The orc is severely wounded.
The orc barely misses you. The orc hits you with a +0 hand axe.
You barely miss the orc.
The orc is severely wounded.
The orc hits you with a +0 mace!
* * * LOW HITPOINT WARNING * * *
The orc completely misses you.
You hit the orc but do no damage.
The orc is severely wounded.
The orc misses you. The orc barely misses you.
You hit the orc but do no damage.
The orc is severely wounded.
The orc hits you with a +0 mace.
* * * LOW HITPOINT WARNING * * *
The orc hits you with a +0 hand axe.
* * * LOW HITPOINT WARNING * * *
You hit the orc but do no damage.
The orc is heavily wounded.
The orc hits you with a +0 mace.
* * * LOW HITPOINT WARNING * * *
The orc hits you with a +0 hand axe.
You die...

#.# #.##.##.....†. #.#
#.##.##..####. #.#
#.##.##....##. #####.##
#÷##.....#.##. .......#
#.######.#.### .#####.# #.#
#.#.### .# #.# #.# #.#.... .#
#.# ########.# #.##### .# #.#
#..o@o...# #.# # .#####.#
#.######## #.# # .......#
###.######### #.# ##
###...#####.†......)..# #.####.
#.#.##.......>......## #......
#...#.......#........#########.
#...#..(....#..............<.))
#..####...####..#.(..#########.
##...#..... #..##....# ##


You could see 2 orcs.

Vanquished Creatures
  3 adders
  4 gnolls (D:3)
  A worm (D:3)
  3 dart slugs
  2 bats
  8 endoplasms
  2 giant cockroaches
  5 hobgoblins
  8 jackals (D:1)
  5 kobolds
  6 ball pythons
  2 frilled lizards
  3 goblins
  2 rats (D:3)
54 creatures vanquished.

Vanquished Creatures (others)
  4 fungi (D:3)
4 creatures vanquished.

Grand Total: 58 creatures vanquished

Notes
Turn   | Place    | Note
-------+----------+-------------------------------------------
     0 | D:1      | tizbic2 the Ogre Arcane Marksman began the quest for the
                  | Orb.
     0 | D:1      | Reached XP level 1. HP: 19/19 MP: 2/2
   114 | D:1      | Reached XP level 2. HP: 13/28 MP: 2/4
   563 | D:1      | Reached skill level 2 in Fighting
   715 | D:1      | Found a faded altar of an unknown god.
   723 | D:1      | Prayed at the altar of an unknown god.
   723 | D:1      | Became a worshipper of Dithmenos the Shadowed
   723 | D:1      | Reached * piety under Dithmenos
  1136 | D:2      | Reached XP level 3. HP: 27/35 MP: 5/5
  1279 | D:2      | Found a snail-covered altar of Cheibriados.
  2082 | D:3      | Reached XP level 4. HP: 44/44 MP: 7/7
  2246 | D:3      | Found a hazy altar of Hepliaklqana.
  2409 | D:3      | Reached skill level 3 in Fighting
  2927 | D:3      | Reached XP level 5. HP: 53/53 MP: 8/8
  3145 | D:3      | Found a sacrificial altar of Ru.
  3268 | D:3      | HP: 1/53 [orc/+0 mace (3)]
  3268 | D:3      | Slain by an orc

Illustrated notes

Levels and vault maps discovered:
D:1:      dpeg_arrival_signposts, layout_basic, serial_rivers,
          chequers_serial_rivers_micro_a, chequers_serial_rivers_small_b,
          chequers_serial_rivers_micro_d, chequers_serial_rivers_large_a,
          hellmonk_ecumenical_altar_zigzags
D:2:      layout_basic, basic_altar
D:3:      layout_loops_ring, hangedman_ru_absence, mainiacjoe_overflow_chevrons
D:4:      layout_rooms, nicolae_overflow_crystal_walls, uniq_pikel

Skill      XL: |  1  2  3  4 |
---------------+-------------+-----
Fighting       | 2 3 |  3.3
Ranged Weapons | 2 |  2.9
Spellcasting   | 2 |  2.7
Dodging        | |  1.7
Hexes          | |  2.6

Action                   |  1- 3 |  4- 6 || total
-------------------------+-------+-------++-------
Melee: Short sword       |    35 |    25 ||    60
 Fire: Sling             |    93 |    67 ||   160
 Cast: Slow              |     8 |     2 ||    10
  Use: Scroll            |     8 |       ||     8
       Potion            |       |     1 ||     1
Armor: Robe              |    41 |     8 ||    49
Dodge: Dodged            |    62 |    42 ||   104
